 Dungeon Crawl Stone Soup version 0.28.0 (webtiles) character file.

Game seed: 15077505280454270053

14530 croobank the Cleaver (level 12, -1/87 (110) HPs)
             Began as a Hill Orc Fighter on Feb 12, 2022.
             Was a Priest of Qazlal.
             Slain by a sixfirhy (9 damage)
             ... in a Gauntlet.
             The game lasted 00:56:55 (11329 turns).

croobank the Cleaver (Hill Orc Fighter)            Turns: 11329, Time: 00:56:55

HP:   -1/87 (110)   AC: 15    Str: 24    XL:     12   Next: 17%
MP:   9/9           EV:  9    Int:  6    God:    Qazlal [***...]
Gold: 1153          SH: 11    Dex: 16    Spells: 11/11 levels left

rFire   + . .      SeeInvis +   d - +1 whip (antimagic)
rCold   . . .      Faith    .   c - +0 buckler
rNeg    . . .      Spirit   .   l - +5 scale mail of the Gloaming {rPois rF+ SInv}
rPois   +          Reflect  .   T - +0 helmet
rElec   .          Harm     .   K - scarf {+Inv}
rCorr   .          Rampage  .   C - +0 pair of gloves
Will    .....      NoTele   +   z - +0 pair of boots
Stlth   ..........              k - amulet of regeneration
HPRegen 1.04/turn               f - +6 ring of dexterity
MPRegen 0.11/turn               y - ring of magical power

@: mighty, heavily drained, invisible
A: deformed body, dopey 1, subdued magic 1
a: Renounce Religion, Evoke Invisibility, Upheaval, Elemental Force


You were in a Gauntlet.
You worshipped Qazlal.
Qazlal was most pleased with you.
You visited 4 branches of the dungeon, and saw 16 of its levels.
You also visited: Gauntlet.

You collected 1604 gold pieces.
You spent 451 gold pieces at shops.

Inventory:

Hand Weapons
 a - a +1 vampiric war axe
 b - a +0 hunting sling
 d - a +1 antimagic whip (weapon)
 r - a +0 flail of protection
 B - a +0 battleaxe
 F - a +0 shortbow
 G - a +5 spear of venom
 O - a +2 scimitar of flaming
 S - a +1 dire flail of venom
Missiles
 e - 123 sling bullets
 g - 310 stones (quivered)
 n - 48 bolts
 o - 9 poisoned darts
 q - 125 arrows
 w - 2 curare-tipped darts
 J - 2 silver boomerangs
Armour
 c - a +0 buckler (worn)
 l - the +5 scale mail of the Gloaming (worn) {rPois rF+ SInv}
   (You bought it in a shop on level 5 of the Dungeon)

   rF:        It protects you from fire.
   rPois:     It protects you from poison.
   SInv:      It lets you see invisible.
 z - a +0 pair of boots (worn)
 C - a +0 pair of gloves (worn)
 E - a +1 leather armour of willpower
 K - a scarf of invisibility (worn)
 T - a +0 helmet (worn)
 Y - a +2 scale mail of cold resistance
Jewellery
 f - a +6 ring of dexterity (left hand)
 k - an amulet of regeneration (around neck)
 y - a ring of magical power (right hand)
 Q - a +6 ring of intelligence
 X - a ring of resist corrosion
Wands
 m - a wand of flame (17)
 s - a wand of acid (2)
 D - a wand of mindburst (21)
 M - a wand of paralysis (8)
 V - a wand of digging (5)
Scrolls
 A - 2 scrolls of fear
 I - 4 scrolls of teleportation
 N - a scroll of amnesia
 U - a scroll of blinking
Potions
 h - 4 potions of heal wounds
 i - 4 potions of curing
 j - a potion of magic
 p - 2 potions of mutation
 t - 2 potions of cancellation
 u - 3 potions of flight
 v - 2 potions of brilliance {unknown}
 x - 2 potions of ambrosia {unknown}
 H - 2 potions of haste {unknown}
 L - 2 potions of berserk rage {unknown}
 P - a potion of lignification
 R - a potion of invisibility


   Skills:
 + Level 11.1 Fighting
 + Level 11.6 Axes
 + Level 10.2 Armour
 + Level 10.1 Shields
 + Level 11.2 Invocations


You had 11 spell levels left.
You didn't know any spells.
Your spell library contained the following spells:

 Spells                   Type           Power      Damage    Failure   Level
 Shock                    Conj/Air       0%         1d3       73%         1
 Frozen Ramparts          Ice            0%         1d2       98%         3
 Swiftness                Air            0%         N/A       98%         3
 Airstrike                Air            0%         N/A       100%        4
 Ice Form                 Ice/Tmut       0%         N/A       100%        4
 Olgreb's Toxic Radiance  Pois           0%         N/A       100%        4
 Summon Ice Beast         Ice/Summ       0%         N/A       100%        4
 Fireball                 Conj/Fire      0%         3d3       100%        5
 Starburst                Conj/Fire      0%         6d3       100%        6
 Ozocubu's Refrigeration  Ice            0%         4d5       100%        7
 Ignition                 Fire           0%         3d3       100%        8


Dungeon Overview and Level Annotations

Branches:
Dungeon (12/15)            Temple (1/1) D:6            Lair (2/6) D:8
    Orc (1/2) D:10        Gauntlet (1/1)
  Swamp: Lair:2-4    Shoals: Lair:2-4     Snake: Lair:2-4    Spider: Lair:2-4

Altars:
Ashenzari
Cheibriados
Dithmenos
Fedhas
Hepliaklqana
Kikubaaqudgha
Nemelex Xobeh
Qazlal
Ru
Vehumet
Wu Jian
Zin
The Shining One

Shops:
D:5 [   D:8 ([=[*

Annotations:
Gauntlet 7 transporters, exclusion: ice statue


Innate Abilities, Weirdness & Mutations

Armour fits poorly on your strangely shaped body.
You are dopey. (Int -2)
Your spells are a little easier to cast, but a little less powerful.


Message History

Found a transporter.
Found a scroll of enchant weapon and a glowing scarf.
You see here a potion of invisibility.
R - a potion of invisibility The sixfirhy hits you.
The sixfirhy shocks you! You block the sixfirhy's attack.
The sixfirhy barely misses you. x2
You block the sixfirhy's attack. The sixfirhy misses you.
The white imp grins evilly.
Found a thin runed staff.
You block the sixfirhy's attack. The sixfirhy barely misses you.
You see here a +2 scale mail of cold resistance.
Y - a +2 scale mail of cold resistance The sixfirhy closely misses you.
The sixfirhy hits you but does no damage.
The sixfirhy closely misses you. x2; You block the sixfirhy's attack.
The sixfirhy hits you but does no damage.
The sixfirhy hits you. The sixfirhy shocks you!
The sixfirhy hits you but does no damage.
The sixfirhy hits you. The sixfirhy shocks you!
You block the sixfirhy's attack. x2; The sixfirhy closely misses you.
The sixfirhy barely misses you. The sixfirhy closely misses you.
The sixfirhy barely misses you.
The sixfirhy hits you but does no damage.
You block the sixfirhy's attack.
The sixfirhy hits you but does no damage.
The sixfirhy barely misses you. You block the sixfirhy's attack.
The sixfirhy closely misses you.
You feel very mighty all of a sudden. The sixfirhy closely misses you.
You catch the helpless sixfirhy completely off-guard!
You whack the sixfirhy!
The sixfirhy is moderately wounded.
The sixfirhy hits you! The sixfirhy shocks you! The sixfirhy hits you.
* * * LOW HITPOINT WARNING * * *
The sixfirhy shocks you!
* * * LOW HITPOINT WARNING * * *
You block the sixfirhy's attack. The sixfirhy hits you.
* * * LOW HITPOINT WARNING * * *
The sixfirhy shocks you!
You die...

[.©.$B#.#...©...#.≈#
#################.##
.#©.........©#....≈##
.#.8.8.8.8.8.#.8..≈≈#
.#©.........©#....≈##
#######.#########.##
......#.#.###...#.≈##
###2#.#.#..3#3#.≈≈#
...5#.#...###@#.≈##
©######.#.©.#3#.##
#.[.#.#.###...#.≈#
#|?##.#.#...#.#.≈≈#
#.#©#.#...©[..#.≈##
#####.#########.##
................≈#
#..∩.8.∩..#≈≈≈#≈≈≈#
##.......###≈###≈##


You could see 3 sixfirhies.

Vanquished Creatures
  2 hydras
  A two-headed ogre (D:7)
  Erica (D:10)
  An orc sorcerer (Orc:1)
  2 cyclopes
  A black mamba (Lair:2)
  A cane toad (Lair:1)
  An unseen horror (D:10)
  A rime drake (Gauntlet)
  3 trolls
  Prince Ribbit (D:8)
  A slime creature (D:12)
  A wyvern (D:9)
  A wraith (D:9)
  15 yaks
  A vampire (D:11)
  3 basilisks (Lair:2)
  A neqoxec (Gauntlet)
  A chaos spawn (Gauntlet)
  4 wargs
  Edmund (D:6)
  An acid dragon (D:11)
  3 water moccasins
  Duvessa (D:7)
  2 ice beasts (D:7)
  3 black bears
  6 orc warriors
  A necrophage (D:5)
  2 ogres (Orc:1)
  2 centaurs
  3 kobold brigands
  A phantom (D:3)
  10 bullfrogs
  A scorpion (D:4)
  2 gnoll sergeants
  A water moccasin zombie (D:5)
  Dowan (D:7)
  3 killer bees (D:8)
  A wight (D:7)
  3 howler monkeys (D:8)
  5 centaur zombies
  2 bullfrog zombies
  2 orc priests (D:6)
  A hound (D:6)
  A gnoll shaman (D:9)
  A bullfrog skeleton (D:7)
  2 centaur skeletons (D:7)
  2 jellies
  6 iguanas
  7 orc wizards
  A hound skeleton (D:4)
  3 adders
  6 gnolls
  A shadow imp (D:8)
  A white imp (D:7)
  2 ufetubi
  4 worms
  4 adder skeletons
  3 dart slugs
  21 orcs
  2 bats
  13 endoplasms
  5 giant cockroaches
  4 goblins
  5 hobgoblins
  4 jackals (D:2)
  3 quokkas
  8 ball pythons
  4 frilled lizards
  19 kobolds
  A quokka skeleton (D:4)
  9 rats
243 creatures vanquished.

Vanquished Creatures (others)
  A fungus (Lair:2)
  2 plants (Lair:2)
3 creatures vanquished.

Grand Total: 246 creatures vanquished

Notes
Turn   | Place    | Note
-------+----------+-------------------------------------------
     0 | D:1      | croobank the Hill Orc Fighter began the quest for the Orb.
     0 | D:1      | Reached XP level 1. HP: 19/19 MP: 1/1
   177 | D:1      | Reached XP level 2. HP: 27/27 MP: 2/2
   213 | D:1      | Reached skill level 1 in Invocations
   488 | D:1      | Reached XP level 3. HP: 29/33 MP: 3/3
   899 | D:2      | Identified 2 scrolls of acquirement
   899 | D:2      | Acquired an amulet of regeneration
  1211 | D:2      | Found a faded altar of an unknown god.
  1324 | D:2      | Reached XP level 4. HP: 40/40 MP: 5/5
  1334 | D:2      | Found a sacrificial altar of Ru.
  1831 | D:3      | Noticed a phantom
  1837 | D:3      | Killed a phantom
  1838 | D:3      | Reached XP level 5. HP: 47/47 MP: 6/6
  1838 | D:3      | Acquired 839 gold pieces
  2384 | D:3      | Found an ancient bone altar of Kikubaaqudgha.
  2384 | D:3      | Found an ornate altar of the Wu Jian Council.
  2421 | D:4      | Reached XP level 6. HP: 53/53 MP: 8/8
  3088 | D:5      | Entered Level 5 of the Dungeon
  3192 | D:5      | Noticed a black bear
  3297 | D:5      | Noticed a necrophage
  3298 | D:5      | Noticed a black bear
  3338 | D:4      | Killed a black bear
  3339 | D:4      | Reached skill level 5 in Fighting
  3499 | D:5      | Found Dinucystrau's Antique Armour Boutique.
  3502 | D:5      | Bought a faintly glowing scale mail for 279 gold pieces
  3502 | D:5      | Identified the +5 scale mail of the Gloaming {rPois rF+
                  | SInv} (You bought it in a shop on level 5 of the Dungeon)
  3521 | D:5      | Killed a black bear
  3522 | D:5      | Reached XP level 7. HP: 58/61 MP: 8/10
  3603 | D:5      | Reached skill level 5 in Axes
  3690 | D:5      | Reached skill level 5 in Armour
  3690 | D:5      | Reached skill level 5 in Shields
  4110 | D:6      | Found a staircase to the Ecumenical Temple.
  4116 | D:6      | Noticed Edmund
  4122 | Temple   | Entered the Ecumenical Temple
  4128 | Temple   | Became a worshipper of Qazlal Stormbringer
  4139 | D:6      | Killed Edmund
  4162 | D:6      | Reached XP level 8. HP: 67/70 MP: 11/11
  4186 | D:6      | Reached skill level 5 in Invocations
  5433 | D:7      | Noticed Duvessa
  5442 | D:7      | Noticed Dowan
  5447 | D:7      | Killed Duvessa
  5448 | D:7      | Reached XP level 9. HP: 69/79 MP: 13/13
  5453 | D:7      | Killed Dowan
  5453 | D:7      | Reached * piety under Qazlal
  5556 | D:7      | Noticed a two-headed ogre
  5563 | D:7      | Killed a two-headed ogre
  5700 | D:7      | Found a hazy altar of Hepliaklqana.
  5930 | D:8      | Found Cuitef's Assorted Antiques.
  5958 | D:8      | Bought a scroll of teleportation for 69 gold pieces
  5961 | D:8      | Bought a pair of boots for 103 gold pieces
  6079 | D:8      | Found Giffeu's Armour Shoppe.
  6101 | D:8      | Reached ** piety under Qazlal
  6111 | D:8      | Found Evuots's Jewellery Emporium.
  6119 | D:8      | Found Ijumun's Armour Shop.
  6184 | D:8      | Reached XP level 10. HP: 83/88 MP: 15/15
  6202 | D:8      | Found a radiant altar of Vehumet.
  6391 | D:8      | Found Ceoden's Antique Weapon Boutique.
  6398 | D:8      | Noticed Prince Ribbit
  6410 | D:8      | Killed Prince Ribbit
  6433 | D:8      | Found a staircase to the Lair.
  6705 | D:9      | Found a sparkling altar of Nemelex Xobeh.
  7114 | D:10     | Entered Level 10 of the Dungeon
  7199 | D:10     | Noticed an unseen horror
  7233 | D:10     | Killed an unseen horror
  7314 | D:10     | Noticed Erica
  7344 | D:10     | Killed Erica
  7433 | D:10     | Found a staircase to the Orcish Mines.
  7506 | D:10     | Found a shadowy altar of Dithmenos.
  8145 | D:10     | Reached XP level 11. HP: 97/97 MP: 18/18
  8151 | D:10     | Reached skill level 10 in Axes
  8444 | D:11     | Reached *** piety under Qazlal
  8971 | D:11     | Noticed a cyclops
  8981 | D:11     | Killed a cyclops
  8982 | D:11     | Reached skill level 10 in Fighting
  9092 | D:11     | Reached skill level 10 in Invocations
  9442 | D:12     | Noticed a cyclops
  9450 | D:12     | Killed a cyclops
  9644 | Orc:1    | Entered Level 1 of the Orcish Mines
  9648 | Orc:1    | Noticed an orc sorcerer
  9655 | Orc:1    | Killed an orc sorcerer
  9778 | Orc:1    | Noticed an orc sorcerer
  9794 | Orc:1    | Noticed an orc warlord
  9997 | Lair:1   | Entered Level 1 of the Lair of Beasts
 10131 | Lair:1   | Noticed a five-headed hydra
 10153 | Lair:1   | Killed a one-headed hydra
 10876 | Lair:2   | Reached XP level 12. HP: 108/108 MP: 20/20
 10907 | Lair:2   | Reached skill level 10 in Armour
 10916 | Lair:2   | Noticed a five-headed hydra
 10927 | Lair:2   | Killed a two-headed hydra
 10928 | Lair:2   | Reached skill level 10 in Shields
 10988 | Lair:2   | Found a gate leading to a gauntlet.
 11056 | Gauntlet | Entered a Gauntlet
 11056 | Gauntlet | Found a transporter.
 11056 | Gauntlet | Found a transporter.
 11064 | Gauntlet | Found a transporter.
 11068 | Gauntlet | Found a transporter.
 11099 | Gauntlet | Noticed a death scarab
 11175 | Gauntlet | Found a transporter.
 11175 | Gauntlet | Found a transporter.
 11177 | Gauntlet | Found a transporter.
 11189 | Gauntlet | Found a transporter.
 11189 | Gauntlet | Found a transporter.
 11190 | Gauntlet | Found a transporter.
 11191 | Gauntlet | Noticed a blizzard demon
 11212 | Gauntlet | Gained mutation: Your spells are a little easier to cast,
                  | but a little less powerful. [a neqoxec]
 11215 | Gauntlet | Gained mutation: You are dopey. (Int -2) [a neqoxec]
 11221 | Gauntlet | Gained mutation: Armour fits poorly on your strangely
                  | shaped body. [a neqoxec]
 11309 | Gauntlet | Found a transporter.
 11311 | Gauntlet | Found a transporter.
 11329 | Gauntlet | Slain by a sixfirhy

Illustrated notes

Levels and vault maps discovered:
D:1:      ncdulo_lavacross, layout_basic
D:2:      layout_loops_corners, ebering_ecumenical_altar_sacrificial,
          basic_altar
D:3:      layout_rooms, gammafunk_temple_overflow_statue
D:4:      layout_basic
D:5:      layout_basic, serial_shops, nicolae_shop_behind_doors
D:6:      layout_loops_cross, temple_pool_b, hangedman_abyss_or_decor_stabs,
          uniq_edmund
D:7:      layout_basic, mainiacjoe_overflow_24_doors, minmay_joined_circles,
          uniq_duvessa
D:8:      layout_basic, mainiacjoe_overflow_concentric_impassable,
          lair_entry_dummy, serial_shops, nicolae_shop_window_shopping,
          kennysheep_mini, nicolae_stop_n_shop_1, shop_fountains,
          shop_fountains, uniq_prince_ribbit1
D:9:      layout_roguey, lemuel_round_altar
D:10:     layout_basic, grunt_dithmenos_smoke_and_mirrors, david_orc_3,
          uniq_erica
D:11:     layout_layer_cave
D:12:     layout_basic
Temple:   eino_temple_rhombus
Lair:1:   layout_regular_city, serial_bayou_shore_b
Lair:2:   layout_gridlike, hellmonk_spider_entry_life_and_decay,
          gauntlet_entry_generic, uniq_urug
Orc:1:    layout_diamond_mine, uniq_fannar
Gauntlet: minmay_gauntlet_77_indecision [minmay_gauntlet_arena_77_squiggly,
          minmay_gauntlet_arena_77_two_lines,
          minmay_gauntlet_arena_77_hold_the_fort,
          minmay_gauntlet_arena_77_block_sizes,
          minmay_gauntlet_arena_77_broken_ladder,
          minmay_gauntlet_arena_77_radiant_squares, gauntlet_exit_green]

Skill      XL: |  1  2  3  4  5  6  7  8  9 10 11 12 |
---------------+-------------------------------------+-----
Axes           | 3 4 5 7 8 9 11 | 11.6
Invocations    | 1 2 3 4 6 7 9 10 11 | 11.2
Fighting       | 4 5 7 8 9 10 11 | 11.1
Armour         | 4 5 6 7 8 9 10 | 10.2
Shields        | 4 5 6 7 8 9 10 | 10.1

Action                   |  1- 3 |  4- 6 |  7- 9 | 10-12 || total
-------------------------+-------+-------+-------+-------++-------
Melee: War axe           |    88 |   146 |   325 |   380 ||   939
       Whip              |       |       |       |   136 ||   136
       Scimitar          |       |       |       |    14 ||    14
Invok: Upheaval          |       |       |       |     2 ||     2
       Elemental Force   |       |       |       |     1 ||     1
 Abil: Evoke Invisibilit |       |       |       |     1 ||     1
Evoke: Wand              |       |       |     3 |     9 ||    12
  Use: Scroll            |     2 |     9 |     4 |     5 ||    20
       Potion            |       |     3 |     1 |     4 ||     8
 Stab: Invisible         |       |       |     4 |     2 ||     6
       Paralysed         |       |       |       |     5 ||     5
Armor: Scale mail        |    46 |    66 |   164 |   273 ||   549
Dodge: Dodged            |    47 |    75 |   123 |   222 ||   467
Block: Buckler           |    22 |    36 |   121 |   303 ||   482
